 Dungeon Crawl Stone Soup version 0.28.0-43-g3370ac3207 (webtiles) character file.

Game seed: 11460900574387631550

163 adizb the Conjurer (level 5, 0/38 HPs)
             Began as a Draconian Conjurer on Mar 5, 2022.
             Slain by a wraith (9 damage)
             ... in an ossuary.
             The game lasted 00:19:03 (2637 turns).

adizb the Conjurer (Draconian Conjurer)             Turns: 2637, Time: 00:19:03

Health: 0/38       AC: 10    Str:  9    XL:     5   Next: 20%
Magic:  1/9        EV: 12    Int: 20    God:
Gold:   171        SH:  0    Dex: 10    Spells: 6/9 levels left

rFire   . . .      SeeInvis .   m - +2 short sword (venom)
rCold   . . .      Faith    .   (no shield)
rNeg    . . .      Spirit   .   (armour unavailable)
rPois   .          Reflect  .   d - +1 hat
rElec   .          Harm     .   (no cloak)
rCorr   .          Rampage  .   a - +0 pair of gloves
Will    .....                   l - +2 pair of boots
Stlth   ++........              (no amulet)
HPRegen 0.12/turn               (no ring)
MPRegen 0.11/turn               (no ring)

@: slowed, very slow
A: AC +5, unfitting armour, cold-blooded
a: no special abilities


You were in an ossuary.
You visited 1 branch of the dungeon, and saw 4 of its levels.
You also visited: Ossuary.

You collected 171 gold pieces.

Inventory:

Hand Weapons
 m - a +2 short sword of venom (weapon)
Armour
 a - a +0 pair of gloves (worn)
 b - a +0 pair of boots
 d - a +1 hat (worn)
 f - a +0 pair of boots
 l - a +2 pair of boots (worn)
Scrolls
 g - 4 scrolls of teleportation
 h - a scroll of fear {unknown}
 n - 3 scrolls of fog
 r - a scroll of amnesia {unknown}
Potions
 c - a potion of curing
 e - a potion of degeneration {unknown}
 i - a potion of invisibility
 j - a potion of flight
 k - a potion of haste {unknown}
 o - a potion of heal wounds {unknown}
 p - a potion of berserk rage {unknown}
 q - a potion of brilliance {unknown}


   Skills:
 + Level 2.6 Dodging
 + Level 2.8 Stealth
 + Level 2.8 Spellcasting
 * Level 5.1 Conjurations


You had 6 spell levels left.
You knew the following spells:

 Your Spells              Type           Power      Damage    Failure   Level
a - Magic Dart            Conj           92%        1d7       1%          1
b - Searing Ray           Conj           46%        2d6       2%          2

Your spell library contained the following spells:

 Spells                   Type           Power      Damage    Failure   Level
 Pain                     Necr           8%         1d4       14%         1
 Dazzling Flash           Conj/Hex       26%        N/A       16%         3
 Fulminant Prism          Conj/Hex       6%         3d7       45%         4
 Iskenderun's Mystic Bla  Conj/Tloc      13%        2d5       45%         4
 Freezing Cloud           Conj/Ice/Air   4%         6-21      89%         5
 Agony                    Necr           2%         N/A       99%         5
 Excruciating Wounds      Necr           1%         N/A       99%         5
 Simulacrum               Ice/Necr       1%         N/A       100%        6
 Polar Vortex             Ice            1%         N/A       100%        9


Dungeon Overview and Level Annotations

Branches:
Dungeon (4/15)            Ossuary (1/1)
 Temple: D:4-7

Altars:
Dithmenos
Elyvilon


Innate Abilities, Weirdness & Mutations

Your plain brown scales are hard. (AC +5)
You cannot fit into any form of body armour.
You are cold-blooded and may be slowed by cold attacks.


Message History

The magic dart hits the wraith.
The wraith is severely damaged.
Aiming: Magic Dart (safe; 1% risk of failure)
Press: ? - help, Q - select action, (/) - cycle Shift-Dir - straight line, f/p - wraith
Aim: a wraith (severely damaged, 100% to hit)
The magic dart hits the wraith but does no damage.
The wraith is severely damaged.
Aiming: Magic Dart (safe; 1% risk of failure)
Press: ? - help, Q - select action, (/) - cycle Shift-Dir - straight line, f/p - wraith
Aim: a wraith (heavily damaged, 100% to hit)
The magic dart hits the wraith but does no damage.
The wraith is heavily damaged.
Aiming: Magic Dart (safe; 1% risk of failure)
Press: ? - help, Q - select action, (/) - cycle Shift-Dir - straight line, f/p - wraith
Aim: a wraith (heavily damaged, 100% to hit)
The magic dart hits the wraith but does no damage.
The wraith is heavily damaged.
Aiming: Searing Ray (safe; 2% risk of failure)
Press: ? - help, Q - select action, (/) - cycle Shift-Dir - straight line, f/p - wraith
Aim: a wraith (heavily damaged, 78% to hit)
The searing ray hits the wraith.
The wraith is severely damaged. (Press . to maintain the ray.)
The wraith hits you! The wraith drains your vigour!
You feel yourself slow down.
The searing ray hits the wraith.
The wraith is severely damaged.
The wraith hits you.
* * * LOW HITPOINT WARNING * * *
The wraith drains your vigour!
You feel as though you will be slow longer.
The searing ray hits the wraith but does no damage.
The wraith is severely damaged.
The wraith hits you but does no damage. x2
The searing ray hits the wraith.
The wraith is severely damaged.
You finish channelling your searing ray.
The wraith closely misses you. The wraith closely misses you.
The wraith hits you!
You die...

.##.?.?.##...#....#
.'...??!.#...'....#
.##.??..##...#....#
..##...##...##....#
...#####...##.....#
#.........##......#
#####+#####.......#
................W.#
................@.#
####'''############
####...####
#..'...'..#
#..#...#..#
####...#### #...#
#...# #...#


You could see a wraith.

Vanquished Creatures
  A mummy (Ossuary)
  7 gnolls
  2 adders (D:2)
  A worm (D:3)
  A dart slug (D:2)
  10 ball pythons
  5 endoplasms
  A goblin (D:2)
  4 hobgoblins
  2 jackals (D:3)
  2 quokkas
  3 bats
  2 frilled lizards (D:1)
  7 gnoll skeletons (Ossuary)
  6 kobolds
  6 kobold skeletons (Ossuary)
  12 orc skeletons (Ossuary)
  A rat (D:1)
73 creatures vanquished.

Vanquished Creatures (others)
  2 plants (D:3)
  A withered plant (D:3)
3 creatures vanquished.

Grand Total: 76 creatures vanquished

Notes
Turn   | Place    | Note
-------+----------+-------------------------------------------
     0 | D:1      | adizb the Draconian Conjurer began the quest for the Orb.
     0 | D:1      | Reached XP level 1. HP: 14/14 MP: 3/3
   278 | D:1      | Reached XP level 2. HP: 15/20 MP: 0/5
   284 | D:1      | Learned a level 2 spell: Searing Ray
   657 | D:2      | Reached XP level 3. HP: 26/26 MP: 1/6
  1224 | D:2      | Reached XP level 4. HP: 33/33 MP: 2/7
  1427 | D:3      | Found a shadowy altar of Dithmenos.
  1654 | D:3      | Found a white marble altar of Elyvilon.
  1705 | D:3      | Reached skill level 5 in Conjurations
  1886 | D:3      | Found a faded altar of an unknown god.
  2270 | D:4      | Found a sand-covered staircase.
  2293 | Ossuary  | Entered an ossuary
  2293 | Ossuary  | Noticed a wraith
  2293 | Ossuary  | Noticed a wraith
  2293 | Ossuary  | Noticed a wraith
  2308 | Ossuary  | Reached XP level 5. HP: 38/38 MP: 3/9
  2527 | Ossuary  | Noticed a wraith
  2637 | Ossuary  | Slain by a wraith

Illustrated notes

Levels and vault maps discovered:
D:1:      moated_graveyard_arrival, layout_rooms, minmay_misc_feat_roman,
          minmay_misc_feat_x
D:2:      layout_basic
D:3:      layout_loops_cross, mainiacjoe_overflow_six_doors_small,
          lemuel_crystal_altar, shapermc_ecumenical_altar_flowoftime,
          minmay_pentomino_pile
D:4:      minmay_chambers_of_fours, layout_basic, mainiacjoe_overflow_chevrons,
          nicolae_ossuary_entry_false_entrances
Ossuary:  ossuary_due_mausoleum

Skill      XL: |  1  2  3  4 |
---------------+-------------+-----
Stealth        | 2 |  2.8
Dodging        | 2 |  2.6
Conjurations   | 5 |  5.1
Spellcasting   | |  2.8

Action                   |  1- 3 |  4- 6 || total
-------------------------+-------+-------++-------
Melee: Unarmed           |    11 |       ||    11
       Tailslap          |     1 |    11 ||    12
       Short sword       |       |    86 ||    86
       Dagger            |       |    21 ||    21
       Punch             |       |     2 ||     2
 Cast: Magic Dart        |    53 |    31 ||    84
       Searing Ray       |     3 |     6 ||     9
  Use: Scroll            |       |     6 ||     6
       Potion            |       |     2 ||     2
 Stab: Sleeping          |       |     1 ||     1
Armor: Skin              |    10 |    46 ||    56
Dodge: Dodged            |    16 |    66 ||    82
